Cogmind - Beta 13 @@@ ROGUE MODE // 2024.03.11 @ 13:39:01 Player: Infomantis Result: Destroyed by 6P-BSD(R) with Subdweller Shrapnel Launcher Performance ------------- Evolutions (0) 0 Regions Visited (2) 400 Robots Destroyed (27) 135 Value Destroyed (516) 516 Prototype IDs (2) 40 Alien Tech Used (0) 0 Bonus (0) 0 TOTAL SCORE: 1091 Bonus ------- None Cogmind --------- Core Integrity 0/250 Matter 269/300 Energy 269/280 System Corruption 0% Temperature Cool (0) Movement Treading (160) Location -10/Subcaves Parts ------- > --- POWER (1) -------- Heavy Ion Engine > --- PROPULSION (2) --- Light Treads Armored Wheel > --- UTILITY (2) ------ Improved Heat Sink V3-11A's Pendant > --- WEAPON (2) ------- Barrage Gun > --- INVENTORY (5) ---- Heavy Ion Engine Seismic Detector Datajack Multitool Mining Claw Peak State ------------ > --- POWER ------------ Heavy Ion Engine > --- PROPULSION ------- Light Treads Armored Wheel > --- UTILITY ---------- Improved Heat Sink V3-11A's Pendant > --- WEAPON ----------- Subdweller Machine Gun Barrage Gun > --- INVENTORY -------- Heavy Ion Engine Seismic Detector Datajack Mining Claw [Rating: 17] Favorites ----------- Power Heavy Ion Engine Engine Heavy Ion Engine Power Core Light Nuclear Core Propulsion Light Treads Treads Light Treads Wheel Armored Wheel Utility Small Storage Unit Device Seismic Detector Storage Small Storage Unit Protection Light Armor Plating Weapon Beam Cannon Energy Cannon Beam Cannon Ballistic Gun Light Assault Rifle Slashing Weapon Mining Claw Build | -11 -10 -10 ------- Run | Yrd Mat Sub Slots Evolved . | . . . Power . | . . . Propulsion . | . . . Utility . | . . . Weapon . | . . . Parts Attached 21 | 7 8 6 Power 3 | 1 2 . Engine 2 | 1 1 . Core 1 | . 1 . Reactor . | . . . Propulsion 3 | 2 . 1 Treads 2 | 2 . . Leg . | . . . Wheel 1 | . . 1 Hover . | . . . Flight . | . . . Utility 7 | 2 2 3 Device 5 | 1 2 2 Storage 1 | 1 . . Processor . | . . . Hackware . | . . . Protection 1 | . . 1 Artifact . | . . . Weapon 8 | 2 4 2 Energy Gun . | . . . Energy Cannon 3 | . 3 . Ballistic Gun 4 | 2 . 2 Ballistic Cannon . | . . . Launcher . | . . . Special Weapon . | . . . Impact Weapon . | . . . Slashing Weapon 1 | . 1 . Piercing Weapon . | . . . Special Melee Weapon . | . . . Unidentified Prototypes 2 | . 1 1 Parts Lost 1 | . . 1 Power . | . . . Propulsion 1 | . . 1 Utility . | . . . Weapon . | . . . Highest Loss Streak 1 | . . 1 To Critical Strikes . | . . . Average Slot Usage (%) 99 | . 100 99 Engine 10 | . 8 14 Core 3 | . 5 . Treads 24 | . 28 16 Wheel 3 | . . 11 Device 15 | . 14 19 Storage 10 | . 14 3 Protection 1 | . . 5 Energy Cannon 17 | . 20 12 Ballistic Gun 9 | . 7 15 Naked Turns . | . . . Heaviest Build 20 | 14 20 20 Greatest Support 40 | 40 40 40 Greatest Overweight (x) 1 | . . 1 Average Overweight (x) . | . . . Largest Inventory Capacity 8 | 8 8 8 Average Capacity 7 | 7 8 5 Most Carried 8 | 8 8 8 Average Carried 6 | 6 7 5 Final Capacity 8 | 8 8 5 Final Carried 8 | 8 8 5 Class Distribution -------------------- 100% | Mutant Dominant Class ---------------- Mutant | -10/Materials Mutant | -10/Subcaves Resources | -11 -10 -10 ----------- Run | Yrd Mat Sub Matter Collected 638 | 402 138 98 Remotely . | . . . Salvage Created 776 | 190 466 120 Parts 64 | 22 34 8 Haulers Intercepted . | . . . Recyclers Shooed . | . . . Parts Field Recycled . | . . . Retrieved Matter . | . . . Parts Self-Destructed 11 | . . 11 Prevented . | . . . Kills | -11 -10 -10 ------- Run | Yrd Mat Sub Combat Hostiles Destroyed 16 | . 11 5 Guns 7 | . 4 3 Cannons 9 | . 7 2 Classes Destroyed 7 | 3 3 1 Worker 1 | 1 . . Tunneler 7 | 6 1 . Recycler 2 | 1 1 . Operator 1 | . 1 . Swarmer 6 | . 3 3 Grunt 8 | . 8 . Subdweller 2 | . . 2 Best Kill Streak 4 | 2 4 3 Combat Bots Only 3 | . 3 3 Max Kills in Single Turn 2 | 1 2 1 Gunslinging . | . . . Exploded . | . . . Melee . | . . . Uniques/NPCs Destroyed . | . . . Combat | -11 -10 -10 -------- Run | Yrd Mat Sub Hostile Shots Fired 97 | . 52 45 Missed 28 | . 16 12 Damage Taken 951 | . 396 555 Core 257 | . 79 178 Absorbed by Shields . | . . . Core Remaining (%) 100 | 100 . . Volleys Fired 99 | 33 39 27 Largest 2 | 2 2 2 Hottest 120 | 40 120 120 Shots Fired 183 | 66 75 42 Gun 124 | 66 40 18 Cannon 59 | . 35 24 Launcher . | . . . Special . | . . . Kinetic 124 | 66 40 18 Thermal 59 | . 35 24 Explosive . | . . . Electromagnetic . | . . . Robot Hit Streak 22 | 5 10 22 Robot Miss Streak 3 | 2 2 3 Penetration Max . | . . . Secondary Targets 2 | . 2 . Max Gunslinging Chain 1 | . 1 . Shots Hit Robots 111 | 37 49 25 Core Hits 42 | 14 21 7 Critical Kills 1 | . 1 . Critical Parts Destroyed . | . . . Critical Strikes 1 | . 1 . Destroy 1 | . 1 . Melee Attacks 5 | . 5 . Impact . | . . . Slashing 5 | . 5 . Piercing . | . . . Sneak Attacks . | . . . Combat Hostiles . | . . . Follow-up Attacks . | . . . Damage Inflicted 1536 | 382 682 472 Guns 783 | 382 293 108 Cannons 749 | . 385 364 Explosions . | . . . Melee . | . . . Ramming 4 | . 4 . Kinetic 783 | 382 293 108 Thermal 749 | . 385 364 Explosive . | . . . Electromagnetic . | . . . Impact . | . . . Slashing . | . . . Piercing . | . . . Highest Corruption . | . . . Average Corruption . | . . . Corruption Purged . | . . . Corruption Blocked . | . . . Overload Shots . | . . . Overflow Damage . | . . . Projectiles . | . . . Explosions . | . . . Melee . | . . . Knockbacks . | . . . Impact . | . . . Kinetic . | . . . Secondary . | . . . Self-Inflicted Damage . | . . . Shots . | . . . Rammed 1 | . 1 . Targets Rammed 1 | . 1 . Kicked . | . . . Crushed . | . . . Highest Temperature 129 | . 129 . Average Temperature 33 | . 33 . Received Heat Transfer 228 | . 180 48 Siege Activations . | . . . Robots Corrupted . | . . . Combat Hostiles . | . . . Parts Fried . | . . . Impact Corruptions . | . . . Robots Melted . | . . . Combat Hostiles . | . . . Parts Melted 4 | . 3 1 Heat Transferred 1591 | . 814 777 Parts Sabotaged . | . . . Parts Stolen . | . . . Parts Stripped . | . . . Power Chain Reactions . | . . . Alert | -11 -10 -10 ------- Run | Yrd Mat Sub Peak Influence 221 | 40 221 . Initial 26 | . 26 . Average 73 | 19 94 . Maximum Alert Level 1 | . 1 . Low Security (%) 95 | 100 93 . Level 1 4 | . 6 . Level 2 . | . . . Level 3 . | . . . Level 4 . | . . . Level 5 . | . . . High Security . | . . . Max Security . | . . . Squads Dispatched 3 | . 3 . Investigation 1 | . 1 . Extermination . | . . . Reinforcement 2 | . 2 . Assault . | . . . Garrison . | . . . Intercept . | . . . Searches Triggered . | . . . Construction Impeded . | . . . Haulers Reinforced . | . . . Active Scanning Responses . | . . . Cargo Convoy Interrupts . | . . . Stealth | -11 -10 -10 --------- Run | Yrd Mat Sub Distress Signals 1 | . 1 . Communications Jammed . | . . . Distress Signals . | . . . Times Spotted 36 | . 21 15 Peak Tracking Total 6 | . 5 6 Tactical Retreats 4 | . 1 3 Traps | -11 -10 -10 ------- Run | Yrd Mat Sub Traps Triggered 1 | . 1 . Indirectly . | . . . Trap Hack Attempts . | . . . Triggered . | . . . Disarmed . | . . . Reprogrammed . | . . . Reused . | . . . Traps Extracted . | . . . Installed . | . . . Triggered . | . . . Machines | -11 -10 -10 ---------- Run | Yrd Mat Sub Machines Disabled . | . . . Max in Single Turn . | . . . Machines Repaired . | . . . Machines Dismantled . | . . . Machines Sabotaged . | . . . Overloaded Fab Kills . | . . . Hacking | -11 -10 -10 --------- Run | Yrd Mat Sub Machines Accessed 5 | . 5 . Terminals 5 | . 5 . Fabricators . | . . . Repair Stations . | . . . Recycling Units . | . . . Scanalyzers . | . . . Garrison Access . | . . . Total Hacks 10 | . 10 . Successful 6 | . 6 . Failed 4 | . 4 . Catastrophic . | . . . Database Lockouts . | . . . Manual 3 | . 3 . Terminals 10 | . 10 . Fabricators . | . . . Repair Stations . | . . . Recycling Units . | . . . Scanalyzers . | . . . Garrison Access . | . . . Terminal Hacks 5 | . 5 . Terminal Index 1 | . 1 . Maintenance Status 1 | . 1 . Zone Layout 3 | . 3 . Fabricator Hacks . | . . . Repair Station Hacks . | . . . Recycling Unit Hacks . | . . . Scanalyzer . | . . . Garrison Access Hacks . | . . . Unauthorized Hacks 1 | . 1 . Terminals 1 | . 1 . Assimilate 1 | . 1 . Fabricators . | . . . Repair Stations . | . . . Recycling Units . | . . . Scanalyzers . | . . . Garrison Access . | . . . Data Cores Recovered 1 | . 1 . Used . | . . . Hacking Detections 3 | . 3 . Full Trace Events . | . . . Feedback Events . | . . . Feedback Blocked . | . . . Robot Schematics Acquired . | . . . Robots Built . | . . . Authchips . | . . . Time . | . . . Total Robot Build Rating . | . . . Part Schematics Acquired . | . . . Parts Built . | . . . Authchips . | . . . Time . | . . . Total Part Build Rating . | . . . Parts Repaired . | . . . Time . | . . . Parts Recycled . | . . . Recycled Matter . | . . . Retrieved Matter . | . . . Retrieved Components . | . . . Parts Scanalyzed . | . . . Part Schematics Acquired . | . . . Parts Damaged . | . . . Bothacking | -11 -10 -10 ------------ Run | Yrd Mat Sub Used RIF Installer . | . . . Robots Hacked . | . . . Non-combat . | . . . Combat . | . . . Robot Hacks Applied . | . . . Relay Couplers Released . | . . . Fabnet Peak Effective % . | . . . Robots Rewired . | . . . Allies Hacked . | . . . Hacks Repelled . | . . . Allies | -11 -10 -10 -------- Run | Yrd Mat Sub Total Allies 1 | . . 1 Largest Group 1 | . . 1 Highest-Rated Group 19 | . . 19 Highest-Rated Ally 19 | . . 19 Total Orders . | . . . Ally Attacks . | . . . Total Damage . | . . . Kills . | . . . Allies Corrupted . | . . . Allies Melted . | . . . Intel | -11 -10 -10 ------- Run | Yrd Mat Sub Robot Analysis Total . | . . . Derelict Logs Recovered . | . . . Drone Launches . | . . . Drone Recoveries . | . . . Exploration | -11 -10 -10 ------------- Run | Yrd Mat Sub Turns Passed 1522 | 323 836 363 Spaces Moved 785 | 138 421 226 Core 8 | 8 . . Treads 590 | 130 421 39 Legs . | . . . Wheels 187 | . . 187 Hover . | . . . Flight . | . . . Fastest Speed 50 | 50 160 105 Average Speed 145 | 153 160 114 Slowest Speed 160 | 160 160 160 Overloaded Moves . | . . . Propulsion Burnouts . | . . . Robots Hopped . | . . . Cave-ins Triggered . | . . . Exploration Rate (%) 34 | 9 80 14 Regions Visited 2 Branch Regions 1 Pre-discovered Areas . | . . . Known Exits Taken . | . . . Unknown Exits Taken 2 | 1 1 . Scrap Searched . | . . . Spaces Dug 1 | . 1 . Terrain Destroyed 1 | . 1 . Melee 1 | . 1 . Projectile . | . . . AOE . | . . . Terrain Rammed . | . . . Walls Destroyed . | . . . Machines Disabled . | . . . Actions | -11 -10 -10 --------- Run | Yrd Mat Sub Total 984 | 187 507 290 Wait 36 | . 11 25 Move 783 | 137 420 226 Hop . | . . . Pick Up 19 | 9 9 1 Fast Attach 14 | 7 4 3 Attach 1 | . . 1 Detach . | . . . Swap 6 | . 4 2 Drop 20 | 1 14 5 Fire 99 | 33 39 27 Melee 5 | . 5 . Ram . | . . . Kick . | . . . Crush 1 | . 1 . Escape Stasis . | . . . Rewire . | . . . Trap . | . . . Miscellaneous . | . . . Route ------- -11/Scrapyard -10/Materials (discovered 5 exits: [*Mat x2] / [*Min x2] / [*Sub]) -10/Subcaves (discovered 1 exit: [*Rec]) History --------- Turn | Location | Event 4 | -11/Scrapyard | Discovered new exit (range 15) 324 | -11/Scrapyard | Entered Materials 325 | -10/Materials | Build established: Mutant 605 | -10/Materials | Discovered new exit (range 15) 763 | -10/Materials | Discovered new exit (range 16) 811 | -10/Materials | Discovered new exit (range 12) 1108 | -10/Materials | Discovered new exit (range 16) 1153 | -10/Materials | Discovered new exit (range 3) 1160 | -10/Materials | Entered Subcaves 1249 | -10/Subcaves | Core integrity fell below 50% 1268 | -10/Subcaves | Core integrity fell below 20% 1355 | -10/Subcaves | Shifting Twisted Machinery released Barrage Gun 1368 | -10/Subcaves | Discovered new exit (range 15) 1370 | -10/Subcaves | Shifting Twisted Machinery released Multitool 1388 | -10/Subcaves | Visited triangular shrine 1399 | -10/Subcaves | Found Prototype Device 1399 | -10/Subcaves | Identified V3-11A's Pendant 1404 | -10/Subcaves | Befriended Subdweller 1523 | -10/Subcaves | A Subdweller sparked back to life 1523 | -10/Subcaves | A Subdweller sparked back to life 1523 | -10/Subcaves | A Subdweller sparked back to life 1523 | -10/Subcaves | Destroyed by 6P-BSD(R) with Subdweller Shrapnel Launcher Last Messages --------------- 01391_ Lgt. Assault Rifle fries itself beyond repair. 01399_ Dropped Lgt. Armor Plating. 01399_ Acquired Prototype Device. 01399_ Identified V3-11A's Pendant. 01404_ V3-11A: "The pendant says I should follow you." 01409_ V3-11A: "The pendant has taught me much." 01410_ V3-11A: "About the stars. About the molecules. About life." 01445_ Acquired Multitool. 01492_ Acquired 9 matter. 01518_ Sub. Machine Gun shoots sparks and powers down. 01523_ Dropped Broken Sub. Machine Gun. 01523_ 6P-BSD(R) creaks and sparks as it begins to move. 01523_ IQ-BXF(R) creaks and sparks as it begins to move. 01523_ CL-CB2(R) creaks and sparks as it begins to move. Map ----- +----------------------------------------------------+ | ??????## " ##?##" ##???????????????????? | | ????### "#???#" "#???????????##??????? | | ???## ###" ##???## #????????? ##?????? | | ???# ## ##?#" ####### ""]#????????""" ??????? | | ???## ######??##" ##"""###" ##???????# ???????? | | ????###????????### """""#""" #??###?#" " ???????? | | ?????????????????# """"" " ##### ## " ""#??? ???? | | ?????????????????# " ##" """## #??? | | ?????????????????#""" " " "" " #" ???? | | ?????????????????##"""""" "" # # " " ????? | | ??????????????????#"""""" #### " """ ????? | | ?????????????????# " """"##??#""" """ """""????? | | ?????????????????###" ##""???# ## "" """#????? | | ???????????????????#" # #???##### ## " ##???? | | ???????????????????#"" ?????#"" #### ##### | | ??????????????????## "# ?????##" #??# ## | | ??????????????????# " # ??????# #??# | | ??????????????????## ?????## #???# | | ?????????????????## ???### #??## | | ?????????????##### #### #?## | | ?????????????# # # ### ### | | ????????????# ##?# | | ????????????# #####] | | ?????????????# ### % ##### ## !!#!! | | ??????????????????#??#R< #### &&% ## | | ?????????????????????#& @R#??## ## #&#*### | | ?????????????????????# R <#???# ## #####?## | | ?????????????????????# <<& #???# ## #?????? | | ?????????????????????## R<